 Dungeon Crawl Stone Soup version 0.25.1-2-g60ff931df9 (webtiles) character file.

Game seed: 222508369651561383

129 Ijustatesigmund the Chopper (level 5, -6/37 HPs)
             Began as an Octopode Fighter on Sept 14, 2020.
             Mangled by a gnoll
             ... wielding a +0 spear
              (11 damage)
             ... on level 1 of the Dungeon.
             The game lasted 00:03:38 (2327 turns).

Ijustatesigmund the Chopper (Octopode Fighter)      Turns: 2327, Time: 00:03:38

Health: -6/37      AC:  1    Str: 15    XL:     5   Next: 12%
Magic:  5/5        EV: 12    Int: 10    God:
Gold:   30         SH:  8    Dex: 13    Spells: 4/4 levels left

rFire    . . .     SeeInvis .   a - +1 war axe
rCold    . . .     Gourm    .   b - +0 kite shield
rNeg     . . .     Faith    .   (helmet restricted)
rPois    .         Spirit   .   (no amulet)
rElec    .         Reflect  .   (no ring)
rCorr    .         Harm     .   (no ring)
MR       .....                  (no ring)
Stlth    ++........             (no ring)
HPRegen  0.12/turn              (no ring)
MPRegen  0.09/turn              (no ring)
                                (no ring)
                                (no ring)

@: no status effects
A: almost no armour, stealthy swim, amphibious, 8 rings, constrict 8, camouflage
1, gelatinous body 1
a: no special abilities


You were on level 1 of the Dungeon.
You were hungry.

You visited 1 branch of the dungeon, and saw 3 of its levels.

You collected 30 gold pieces.

Inventory:

Hand Weapons
 a - a +1 war axe (weapon)
Armour
 b - a +0 kite shield (worn)
Wands
 k - a wand of random effects (18)
Scrolls
 f - a scroll of amnesia
 g - a scroll of enchant armour {unknown}
 i - a scroll of immolation {unknown}
 j - a scroll of remove curse
Potions
 c - a potion of stabbing {unknown}
 e - 3 potions of brilliance
 l - a potion of curing
Comestibles
 d - 5 rations
 h - a chunk of flesh


   Skills:
 + Level 4.0 Fighting
 * Level 4.3 Axes
 - Level 3.0 Dodging
 - Level 3.0 Shields


You had 4 spell levels left.
You didn't know any spells.
Your spell library was empty.

Dungeon Overview and Level Annotations

Branches:
Dungeon (3/15)

Altars:
Okawaru


Innate Abilities, Weirdness & Mutations

You cannot wear most types of armour.
You are very stealthy in the water. (Stealth+)
You are amphibious.
You can wear up to eight rings at the same time.
You can use your tentacles to constrict eight enemies at once.
Your skin changes colour to match your surroundings (Stealth+).
Your rubbery body absorbs attacks. (AC +1, EV +1)


Message History

You block the gnoll's attack. The gnoll hits you with a +0 spear.
You barely miss the gnoll. Your grab misses the gnoll.
Your squeeze misses the gnoll. You hit the gnoll. The gnoll barely misses you.
The gnoll hits you with a +0 spear.
You closely miss the gnoll. You grab the gnoll. You closely miss the gnoll.
You constrict the gnoll. The gnoll barely misses you. x2
You block the gnoll's attack.
You slash the gnoll!
You kill the gnoll!
You hit the gnoll. You block the gnoll's attack.
The gnoll hits you with a +0 spear!
* * * LOW HITPOINT WARNING * * *
There is a stone staircase leading down, spattered with blood here.
Things that are here:
a +0 spear; a gnoll corpse Your shield prevents you from hitting the gnoll.
You grab the gnoll.
The gnoll is severely wounded.
You constrict the gnoll. The gnoll hits you with a +0 spear!
You die...

.....####.#.............#
.............#.########.#
####.####.##.#.# #.#
####.####.##.#.########.#
........................##
###.##...................#
###.##.##.##.#.######..#.#
.##.##.##.##.#.#รท......#.#
.##.#.....##...g@###...#.#
..#............#.# #.....#
....#.##########.###...###
.##.#.##########.......#
....................#..#
####..############.##..#
#...............##..#
#.################..####
#.# #.....#


You could see a gnoll.

Vanquished Creatures
  Jessica (D:2)
  Robin (D:2)
  2 gnolls (D:1)
  2 dart slugs
  3 leopard geckos
  2 giant cockroaches
  16 goblins
  7 hobgoblins
  8 jackals
  5 kobolds
  A ball python (D:2)
  7 bats
  A frilled lizard (D:2)
  5 rats
61 creatures vanquished.

Notes
Turn   | Place    | Note
-------+----------+-------------------------------------------
     0 | D:1      | Ijustatesigmund the Octopode Fighter began the quest for
                  | the Orb.
     0 | D:1      | Reached XP level 1. HP: 16/16 MP: 1/1
    57 | D:1      | Reached XP level 2. HP: 17/21 MP: 2/2
   366 | D:1      | Found an iron altar of Okawaru.
   597 | D:1      | Reached XP level 3. HP: 23/26 MP: 3/3
  1239 | D:2      | Noticed Robin
  1393 | D:3      | Reached XP level 4. HP: 32/32 MP: 4/4
  1407 | D:2      | Killed Robin
  1728 | D:2      | Noticed Jessica
  1734 | D:2      | Killed Jessica
  2234 | D:1      | Reached XP level 5. HP: 27/37 MP: 5/5
  2327 | D:1      | Mangled by a gnoll

Illustrated notes

Levels and vault maps discovered:
D:1:      dpeg_arrival_fog, layout_loops_ring, okawaru_ov_weapons_minmay
D:2:      layout_basic, uniq_jessica, uniq_robin
D:3:      layout_basic, minmay_vboxes, uniq_sigmund, uniq_purgy

Skill      XL: |  1  2  3  4 |
---------------+-------------+-----
Axes           | 3 4 |  4.3
Fighting       | 4 |  4.0
Dodging        | |  3.0
Shields        | |  3.0

Action                   |  1- 3 |  4- 6 || total
-------------------------+-------+-------++-------
Melee: War axe           |    80 |    29 ||   109
       Constrict         |    28 |     8 ||    36
       Tentacles         |    21 |     4 ||    25
  Use: Scroll            |     5 |       ||     5
       Potion            |     2 |     1 ||     3
 Stab: Sleeping          |     2 |       ||     2
       Distracted        |     1 |       ||     1
  Eat: Chunk             |     1 |     3 ||     4
Armor: Skin              |    15 |     1 ||    16
Dodge: Dodged            |    59 |    26 ||    85
Block: Kite shield       |    39 |    22 ||    61
